Map: Ruins of Seras

Players

Soundwave

  • Race: Zerg Zerg

nanno - Winner!

  • Race: Terran Terran
  • League: Gold

VOD

Have the link to the VOD?

Description

Time

  • Played on: Nov. 17, 2015, 5:01 p.m.
  • Length: 14:06
Show
View Real Time Build Order
Export as new Build Order

Soundwave Zerg 

Build Orders: Hatch First 

Get SALT Encoding   

  12  0:01  Drone  
  13  0:08  Drone  
  14  0:15  Extractor  
  14  0:16  Drone  
  15  0:42  Hatchery  
  14  0:44  Extractor  
  14  0:45  Drone  
  15  1:00  Spawning Pool  
  14  1:06  Overlord  
  14  1:27  Extractor  
  14  1:28  Drone x2  
  14  1:29  Drone  
  16  1:51  Queen  
  18  1:55  Queen  
  20  2:02  Overlord x2  
  20  2:19  Drone x2  
  20  2:20  Drone x3  
  25  2:35  Drone x2  
  27  2:37  Overlord  
  27  2:42  Metabolic Boost  
  27  2:55  Drone x3, Extractor  
  27  2:58  Drone  
  30  3:05  Drone x3  
  33  3:13  Lair  
  33  3:21  Queen  
  33  3:26  Zergling x2  
  36  3:43  Evolution Chamber  
  36  3:47  Evolution Chamber  
  34  3:50  Roach Warren  
  34  3:52  Drone x3  
  34  3:53  Drone x2  
  38  3:57  Overlord  
  38  4:23  Zergling x2  
  38  4:24  Zergling x12  
  41  4:27  Zerg Melee Weapons Level 1  
  41  4:30  Zerg Ground Armor Level 1  
  44  4:31  Glial Reconstitution  
  44  4:48  Drone x4  
  44  4:50  Spine Crawler  
  47  4:55  Spine Crawler  
  46  5:01  Roach x3  
  46  5:03  Overlord  
  52  5:25  Hydralisk Den  
  51  5:28  Infestation Pit  
  50  5:38  Roach x5  
  60  6:02  Spore Crawler  
  59  6:06  Hatchery, Drone x2  
  59  6:07  Drone, Spine Crawler  
  59  6:09  Overlord x2  
  60  6:25  Zerg Melee Weapons Level 2  
  60  6:28  Muscular Augments  
  60  6:30  Zergling x2  
  60  6:31  Zergling x12  
  67  6:40  Overlord  
  67  6:42  Overlord  
  67  6:46  Drone x2  
  67  6:47  Drone  
  70  6:54  Extractor  
  70  6:55  Extractor  
  70  6:56  Drone x2  
  70  6:58  Drone  
  70  6:59  Drone  
  70  7:00  Drone  
  73  7:02  Drone  
  73  7:05  Drone  
  73  7:06  Drone  
  76  7:21  Queen  
  78  7:29  Hydralisk x4  
  80  7:36  Hive  
  86  7:39  Drone  
  86  7:40  Drone  
  86  7:42  Drone  
  86  7:44  Drone  
  90  7:45  Drone  
  90  7:47  Drone  
  90  7:49  Drone  
  93  7:51  Drone  
  87  8:40  Spore Crawler  
  86  8:42  Drone x3  
  86  8:46  Spore Crawler  
  88  8:57  Spore Crawler  
  87  9:03  Hydralisk x5  
  87  9:06  Overlord x2  
  87  9:07  Overlord x3  
  97  9:11  Drone  
  98  9:19  Ultralisk Cavern  
  98  9:20  Drone  
  98  9:25  Extractor  
  98  9:26  Drone x5  
  98  9:27  Drone x3, Extractor  
  104  9:43  Drone x3  
  104  9:45  Drone x3  
  110  9:47  Overseer  
  110  9:52  Hydralisk  
  110  9:53  Hydralisk x4  
  120  10:05  Viper  
  123  10:07  Ultralisk  
  123  10:08  Ultralisk  
  135  10:14  Drone x3  
  135  10:48  Chitinous Plating  
  135  10:51  Zerg Ground Armor Level 2, Zerg Melee Weapons Level 3  
  135  10:53  Adrenal Glands  
  135  10:55  Zergling x4  
  137  10:57  Overlord x3  
  137  10:59  Overseer  
  137  11:10  Hatchery  
  137  11:11  Extractor  
  135  11:12  Extractor  
  134  11:22  Hatchery  
  133  11:28  Ultralisk  
  133  11:29  Ultralisk, Zergling x2  
  133  11:30  Zergling x4  
  148  11:42  Ultralisk  
  148  11:46  Overlord x2  
  154  11:50  Drone x3  
  154  11:51  Drone x2  
  159  11:57  Overlord x2  
  159  11:59  Overseer  
  159  12:08  Hydralisk x3  
  159  12:12  Hydralisk x2  
  169  12:27  Hydralisk x5  
  179  12:31  Zergling x2  
  179  12:32  Zergling x4  
  179  12:33  Zergling x2  
  179  12:34  Zergling x2  
  184  12:38  Queen  
  181  12:49  Ultralisk, Zergling x4  
  167  13:18  Ultralisk x3  
  167  13:19  Zergling x4  
  182  13:20  Zergling x2  
Show
View Real Time Build Order
Export as new Build Order

nanno Terran - Winner!

Build Orders:  

Get SALT Encoding   

  12  0:01  SCV  
  13  0:13  SCV  
  14  0:22  Supply Depot  
  14  0:25  SCV  
  15  0:42  Refinery  
  15  0:43  SCV  
  15  0:46  Barracks  
  16  0:55  SCV  
  17  1:13  SCV  
  17  1:17  Engineering Bay  
  19  1:25  SCV  
  19  1:33  Marine  
  19  1:36  Supply Depot  
  19  1:37  Orbital Command  
  20  1:48  Supply Depot  
  20  1:51  Marine  
  21  2:03  SCV  
  22  2:12  Marine  
  23  2:21  Command Center  
  23  2:29  Factory  
  23  2:37  Marine  
  23  2:40  SCV  
  25  2:44  Refinery  
  25  2:48  Terran Infantry Weapons Level 1  
  25  2:52  SCV  
  26  3:00  Barracks Reactor  
  26  3:04  SCV  
  27  3:13  Factory Tech Lab  
  27  3:17  SCV  
  27  3:19  Factory  
  28  3:29  SCV  
  29  3:36  Orbital Command  
  29  3:38  Marine x2  
  29  3:39  Siege Tank  
  34  3:46  SCV  
  35  3:59  Marine x2  
  35  4:01  SCV x2  
  39  4:06  Refinery  
  39  4:07  Refinery  
  39  4:09  Factory Tech Lab  
  39  4:11  Siege Tank  
  39  4:13  SCV  
  39  4:14  SCV  
  44  4:25  SCV, Marine  
  44  4:26  SCV  
  44  4:27  Supply Depot, Marine  
  48  4:31  Supply Depot  
  48  4:39  SCV x2  
  48  4:41  Siege Tank  
  53  4:46  Marine  
  54  4:54  Terran Infantry Armor Level 1  
  54  5:02  SCV x2  
  56  5:08  Command Center  
  56  5:13  Starport  
  56  5:14  Marine  
  56  5:16  Marine  
  56  5:21  SCV x2  
  60  5:32  Marine  
  60  5:34  Marine  
  62  5:36  Siege Tank  
  62  5:38  Widow Mine  
  67  5:44  Missile Turret  
  67  5:45  SCV x2  
  69  5:57  Supply Depot  
  69  6:00  SCV  
  69  6:04  SCV  
  70  6:05  Missile Turret  
  70  6:18  SCV x2, Medivac  
  70  6:19  Supply Depot  
  74  6:39  SCV x2  
  76  6:40  Planetary Fortress  
  76  6:44  Missile Turret  
  76  6:49  Siege Tank  
  79  7:01  Armory, SCV x2  
  81  7:06  Missile Turret  
  81  7:08  Armory  
  81  7:09  Starport Tech Lab  
  81  7:12  Starport  
  81  7:14  SCV x2  
  81  7:15  Refinery  
  83  7:16  Refinery  
  83  7:17  Marine x2  
  83  7:22  Barracks  
  85  7:23  SCV, Hi-Sec Auto Tracking  
  85  7:26  SCV  
  85  7:27  SCV  
  88  7:34  Missile Turret  
  88  7:35  SCV  
  89  7:38  SCV  
  89  7:40  SCV  
  91  7:47  Marine x2  
  93  7:53  Fusion Core  
  93  7:55  Missile Turret, Terran Vehicle Weapons Level 1  
  93  7:56  Terran Ship Weapons Level 1  
  93  8:01  SCV x2  
  93  8:02  SCV  
  95  8:28  Missile Turret  
  95  8:42  Barracks Tech Lab  
  95  8:43  Starport Tech Lab  
  95  8:48  Sensor Tower, Marine x2  
  96  8:50  Terran Infantry Weapons Level 2  
  96  8:52  SCV, Missile Turret  
  96  8:53  SCV  
  96  8:54  Behemoth Reactor  
  99  8:56  Battlecruiser  
  99  9:01  Siege Tank  
  99  9:02  Supply Depot  
  108  9:07  SCV  
  108  9:08  SCV, Siege Tank  
  113  9:17  Missile Turret  
  113  9:21  SCV  
  113  9:22  SCV x2, Marine  
  113  9:23  Battlecruiser, Marine  
  124  9:34  Command Center  
  124  9:46  SCV  
  124  9:52  Supply Depot  
  125  9:55  Terran Ship Weapons Level 2  
  125  9:57  Terran Vehicle And Ship Armor Level 1  
  125  9:58  Weapon Refit  
  125  9:59  Supply Depot  
  125  10:03  Stimpack  
  125  10:14  SCV x2, Marauder, Marine x2  
  131  10:15  Supply Depot  
  131  10:20  Thor  
  131  10:21  Siege Tank  
  140  10:22  Supply Depot  
  140  10:23  Supply Depot  
  140  10:24  Supply Depot  
  140  10:37  Battlecruiser  
  140  10:42  Battlecruiser, Supply Depot  
  152  10:45  Marine x2  
  152  10:46  Marauder  
  156  10:55  Planetary Fortress  
  156  10:59  Missile Turret  
  156  11:01  SCV x3  
  156  11:03  Refinery  
  156  11:04  Refinery  
  159  11:05  Supply Depot  
  159  11:06  Terran Infantry Armor Level 2  
  159  11:08  Marine x2  
  159  11:09  Siege Tank, Marauder  
  159  11:10  Siege Tank  
  169  11:20  Missile Turret  
  169  11:36  Marine x2  
  169  11:37  Marauder  
  173  11:41  Battlecruiser  
  173  11:46  Battlecruiser  
  185  12:21  Starport  
  185  12:31  Command Center  
  185  12:47  Battlecruiser  
  185  12:50  Battlecruiser  
Tags
 
League
Gold
Matchup
TvZ
Replay Pack
First Pack
Add a new tag
Caveats
  • Supply blocks, unpowered buildings, or Contaminate may cause inaccurate times.
  • Supply counts are checked every 10 seconds.